 Dungeon Crawl Stone Soup version 0.23.0-28-g6fe0f4d (webtiles) character file.

Game seed: 15550866940428269808

263 Hasart the Chiller (level 5, -4/38 HPs)
             Began as a Demigod Ice Elementalist on Feb 25, 2019.
             Slain by Robin
             ... wielding a +0 mace
              (5 damage)
             ... on level 4 of the Dungeon.
             The game lasted 00:10:05 (3963 turns).

Hasart the Chiller (Demigod Ice Elementalist)       Turns: 3963, Time: 00:10:06

Health: -4/38      AC:  2    Str: 11    XL:     5   Next: 65%
Magic:  12/12      EV: 11    Int: 26    God:
Gold:   130        SH:  0    Dex: 16    Spells: 1/10 levels left

rFire    . . .     SeeInvis .   w - +3 dagger (venom)
rCold    . . .     Gourm    .   (no shield)
rNeg     + . .     Faith    .   a - +0 robe
rPois    .         Spirit   .   (no helmet)
rElec    .         Reflect  .   x - scarf {repulsion}
rCorr    .         Harm     .   (no gloves)
MR       .....                  (no boots)
Stlth    ++........             (no amulet)
HPRegen  0.12/turn              u - ring of positive energy
MPRegen  0.13/turn              k - +5 ring of intelligence

@: heavily drained, repel missiles
A: high mp 1
a: no special abilities


You were on level 4 of the Dungeon.
You were not hungry.

You visited 1 branch of the dungeon, and saw 4 of its levels.

You collected 130 gold pieces.

Inventory:

Hand Weapons
 w - a +3 dagger of venom (weapon)
Armour
 a - a +0 robe (worn)
 x - a scarf of repulsion (worn)
Magical Staves
 s - an uncursed staff of wizardry
Jewellery
 f - a +1 ring of protection
 k - a +5 ring of intelligence (right hand)
 l - an uncursed ring of fire
 u - a ring of positive energy (left hand)
Scrolls
 d - 2 scrolls of teleportation {unknown}
 e - 5 scrolls of identify {unknown}
 g - a scroll of blinking {unknown}
 i - a scroll of noise {unknown}
 j - a scroll of random uselessness {unknown}
 m - a scroll of enchant armour {unknown}
 p - a scroll of fear {unknown}
 r - a scroll of remove curse {unknown}
 v - 4 scrolls of enchant weapon {unknown}
Potions
 b - 3 potions of might {unknown}
 h - 2 potions of heal wounds {unknown}
 n - a potion of haste {unknown}
 o - a potion of curing {unknown}
 q - a potion of agility {unknown}
 t - 2 potions of degeneration {unknown}
 z - a potion of resistance {unknown}
Comestibles
 c - 3 rations
 A - 4 chunks of flesh


   Skills:
 - Level 1.7(0.4) Dodging
 - Level 1.7(0.4) Stealth
 + Level 3.1(1.7) Spellcasting
 * Level 2.2(0.9) Conjurations
 * Level 1.2(0.0) Summonings
 + Level 4.6(3.2) Ice Magic


You had one spell level left.
You knew the following spells:

 Your Spells              Type           Power        Failure   Level  Hunger
a - Freeze                Ice            ###.         3%          1    #......
b - Throw Icicle          Conj/Ice       ##......     43%         4    #####..
c - Summon Ice Beast      Ice/Summ       ##......     50%         4    #####..

Your spell library contained the following spells:

 Spells                   Type           Power        Failure   Level  Hunger
 Throw Frost              Conj/Ice       ##....       7%          2    ##.....
 Ozocubu's Armour         Chrm/Ice       ##......     17%         3    ###....


Dungeon Overview and Level Annotations

Branches:
Dungeon (4/15)
 Temple: D:4-7

Annotations:
D:4 Robin


Innate Abilities, Weirdness & Mutations

You have an increased reservoir of magic. (+10% MP)


Message History

The goblin hits you with a +0 dagger.
* * * LOW HITPOINT WARNING * * *
Unknown command.
You hit the goblin.
The goblin is severely wounded.
A hobgoblin comes into view.
The goblin closely misses you. The goblin completely misses you.
Unknown command.
The hobgoblin shouts!
You hit the goblin.
You kill the goblin!
Robin throws the goblin at you! The goblin barely misses you.
Unknown command.
You hit the goblin.
The goblin is poisoned.
The goblin is moderately wounded.
Unknown command.
You barely miss the goblin.
The goblin is moderately wounded.
Robin hits you with a +0 mace.
You die...

#.##.##.# #.#.##........
#.......# #.#..##.###...
#.g##÷### #.##..#.# #...
#.....# #.###...###...
###.#### #.# ###..##...
#....# #"# #....... #....#
#.# #[......
#....#########.#######.#.##
#....g.g.g@g...............
#....#########.######.....#
###### #........##...
..##..#.. ##>. .).. ≈.≈≈.
#.. ..... #+#≈. #.. ####...
##. ###≈ #. #.


You could see Robin, 2 hobgoblins and a goblin.

Vanquished Creatures
  A howler monkey (D:4)
  2 orc priests
  A worker ant (D:4)
  5 adders
  3 worms
  A dart slug (D:1)
  4 leopard geckos
  10 orcs
  3 giant cockroaches
  11 goblins
  11 hobgoblins
  2 quokkas (D:2)
  A ball python (D:3)
  5 bats
  3 frilled lizards (D:2)
  9 kobolds
  4 rats
76 creatures vanquished.

Notes
Turn   | Place    | Note
-------+----------+-------------------------------------------
     0 | D:1      | Hasart the Demigod Ice Elementalist began the quest for the
                  | Orb.
     0 | D:1      | Reached XP level 1. HP: 14/14 MP: 5/5
    56 | D:1      | Reached skill level 3 in Ice Magic
   160 | D:1      | Reached XP level 2. HP: 14/20 MP: 0/7
   786 | D:2      | Reached XP level 3. HP: 26/26 MP: 7/9
  1408 | D:2      | Reached skill level 4 in Ice Magic
  1769 | D:2      | Reached XP level 4. HP: 31/33 MP: 4/10
  1786 | D:2      | Learned a level 4 spell: Throw Icicle
  2169 | D:2      | Reached skill level 1 in Conjurations
  2528 | D:3      | Found a snail-covered altar of Cheibriados.
  3069 | D:3      | Found a hazy altar of Hepliaklqana.
  3109 | D:3      | Reached XP level 5. HP: 21/38 MP: 12/12
  3117 | D:4      | Learned a level 4 spell: Summon Ice Beast
  3926 | D:4      | Reached skill level 1 in Summonings
  3937 | D:4      | Noticed Robin
  3959 | D:4      | HP: 1/38 [goblin/+0 dagger[Robin] (3)]
  3963 | D:4      | Slain by Robin

Skill      XL: |  1  2  3  4  5 |
---------------+----------------+-----
Ice Magic      | 3 4 |  4.6
Spellcasting   | 2 3 |  3.1
Conjurations   | 1 2 |  2.2
Summonings     | 1 |  1.2
Dodging        | |  1.7
Stealth        | |  1.7

Action                   |  1- 3 |  4- 6 || total
-------------------------+-------+-------++-------
Melee: Unarmed           |     7 |       ||     7
       Short sword       |     7 |    10 ||    17
       Dagger            |       |    43 ||    43
 Cast: Freeze            |    60 |    40 ||   100
 Stab: Sleeping          |       |     1 ||     1
  Eat: Chunk             |     3 |     4 ||     7
       Ration            |       |     1 ||     1
Armor: Robe              |    13 |     4 ||    17
Dodge: Dodged            |    50 |    41 ||    91
